[Event "*** Titled Tuesday Blitz"]
[Site "Chess.com"]
[Date "2020.10.20"]
[Round "2"]
[White "ENajer77"]
[Black "dopolian"]
[Result "1-0"]
[WhiteElo "2697"]
[BlackElo "2416"]
[TimeControl "180+1"]
[EndTime "10:17:18 PDT"]
[Termination "ENajer77 won by resignation"]

1. d4 Nf6 2. c4 c5 3. d5 e6 4. Nc3 exd5 5. cxd5 d6 6. Nf3 g6 7. e4 a6 8. a4 Bg4 9. Be2 Bxf3 10.
Bxf3 Bg7 11. O-O O-O 12. Re1 Nbd7 13. Bf4 Qe7 14. Qd2 Ne5 15. Be2 Ne8 16. a5 f5 17.
exf5 gxf5 18. Bf1 Qf7 19. Na4 Ng6 20. Nb6 Rd8 21. Bh6 Nf6 22. Bxg7 Kxg7 23. Re6 Ne4 24.
Qe3 Rfe8 25. Bc4 Ne5 26. f3 Nxc4 27. Nxc4 Rxe6 28. dxe6 Qxe6 29. fxe4 Rf8 30. Qg3+ Kh8 31. Qxd6 1-0

[Event "*** Titled Tuesday Blitz"]
[Site "Chess.com"]
[Date "2020.10.20"]
[Round "2"]
[White "Azatic"]
[Black "GOGIEFF"]
[Result "0-1"]
[WhiteElo "2571"]
[BlackElo "2881"]
[TimeControl "180+1"]
[EndTime "10:17:19 PDT"]
[Termination "GOGIEFF won by checkmate"]

1. e4 c5 2. Nf3 d6 3. d4 cxd4 4. Nxd4 Nf6 5. Nc3 a6 6. Be2 Nbd7 7. O-O e6 8. Be3 Qc7 9. f4 b5 10. Bf3 Bb7 11. a3 Be7 12. Qe2 O-O 13. Rad1 Rac8 14. g4 Nc5 15. Bf2 e5 16. fxe5 dxe5 17. Nf5 Ne6 18. Be3 Bc5 19. Kh1 Nf4 20. Bxf4 exf4 21. Nd5 Bxd5 22. exd5 Rfe8 23. Qg2 Bd6 24. c3 g6 25. Nd4 Re3 26. Nc2 Re5 27. Nd4 Rce8 28. Nc6 Re3 29. h3 Ne4 30. Kh2 Ng5 31. Rd2 Qb6 32.
Nd4 a5 33. h4 Nxf3+ 34. Rxf3 b4 35. axb4 axb4 36. Rd3 bxc3 37. bxc3 Qc5 38. Kh3 Re1 39. Rf1 Qc4 40. Rdf3 R1e3 41. Rxe3 Rxe3+ 42. Rf3 Qxc3 43. Rxe3 fxe3 44. Ne2 Qe5 45. Qf3 Qh2# 0-1

[Event "*** Titled Tuesday Blitz"]
[Site "Chess.com"]
[Date "2020.10.20"]
[Round "2"]
[White "geordie_derraugh"]
[Black "vovachesss"]
[Result "0-1"]
[WhiteElo "2356"]
[BlackElo "2686"]
[TimeControl "180+1"]
[EndTime "10:17:19 PDT"]
[Termination "vovachesss won by resignation"]

1. e4 e5 2. Nf3 d5 3. exd5 e4 4. Nd4 Qxd5 5. Nb3 Nf6 6. Nc3 Qe5 7. Be2 Bd6 8. d4 exd3 9. Qxd3 O-O 10. Be3 Bf5 11.
Qd2 Nc6 12. O-O-O Rad8 13. Bd3 Bb4 14. f4 Qe7 15. Kb1 Ne4 16. Qe1 Bxc3 17. bxc3 Rfe8 18. Bxe4 Qxe4 19. Rxd8 Qxc2+ 20. Ka1 Rxd8 21. Qc1 Qxg2 22.
Nd4 Nxd4 23. Bxd4 Be6 24. Qb1 Qd5 25. Rg1 g6 26. h4 c5 27. Bf6 Rd6 28. f5 Bxf5 29.
Qb3 Qxb3 30. axb3 Rxf6 0-1

[Event "*** Titled Tuesday Blitz"]
[Site "Chess.com"]
[Date "2020.10.20"]
[Round "2"]
[White "garfield_pg"]
[Black "GameOverBro"]
[Result "0-1"]
[WhiteElo "2304"]
[BlackElo "2540"]
[TimeControl "180+1"]
[EndTime "10:17:19 PDT"]
[Termination "GameOverBro won by resignation"]

1. e4 d6 2. d4 Nf6 3. Nc3 e5 4. Nf3 Nbd7 5. Bc4 Be7 6. O-O c6 7. Re1 Qc7 8. a4 h6 9. a5 Nf8 10. d5 Ng6 11. Be3 O-O 12. h3 Nh5 13. Nh2 Nhf4 14. Bf1 Bd7 15. Ng4 h5 16. Nh2 h4 17.
Nf3 f5 18. Bc4 cxd5 19. Nxd5 Qxc4 20. Bxf4 fxe4 21. Nxe5 dxe5 22. Nxe7+ Nxe7 23. Qxd7 exf4 24. Qxe7 Rae8 25. Qxb7 Qxc2 26. Rac1 Qd3 27. Rc7 Qd4 28. Qxa7 Qxb2 29. a6 e3 30. fxe3 f3 31. gxf3 Rxf3 32. Qb7 Rg3+ 33. Kf1 Rf8+ 0-1

[Event "*** Titled Tuesday Blitz"]
[Site "Chess.com"]
[Date "2020.10.20"]
[Round "2"]
[White "Msb2"]
[Black "Sashadav97"]
[Result "0-1"]
[WhiteElo "2916"]
[BlackElo "2617"]
[TimeControl "180+1"]
[EndTime "10:17:22 PDT"]
[Termination "Sashadav97 won by resignation"]

1. d4 g6 2. c4 Bg7 3. e4 d6 4. Nc3 Nd7 5. Nf3 e5 6. Be2 Ngf6 7. Be3 Ng4 8. Bg5 f6 9. Bd2 h5 10. O-O O-O 11. Qc2 c6 12. Rad1 Qe7 13. Rfe1 Nh6 14. b4 b6 15. Bc1 Nf7 16. h3 Bb7 17. Bf1 Rfe8 18. a3 Kh7 19. g3 Rac8 20. Bg2 a6 21.
Bb2 d5 22. exd5 cxd5 23. dxe5 Ndxe5 24. Nxe5 Nxe5 25. Nxd5 Qf7 26. Bxe5 fxe5 27. Be4 Bxd5 28. Rxd5 Qf6 29. Red1 h4 30. Qe2 Qg5 31. Rd6 Bf6 32.
Kg2 Red8 33. Rxd8 Rxd8 34. Rxd8 Bxd8 35. c5 hxg3 36. fxg3 bxc5 37. bxc5 Qc1 38. Qh5+ Kg8 39. Qxg6+ Kf8 40. Qh6+ Qxh6 0-1

[Event "*** Titled Tuesday Blitz"]
[Site "Chess.com"]
[Date "2020.10.20"]
[Round "2"]
[White "zurzan"]
[Black "Rubinstein_Akiba"]
[Result "0-1"]
[WhiteElo "2003"]
[BlackElo "2367"]
[TimeControl "180+1"]
[EndTime "10:17:22 PDT"]
[Termination "Rubinstein_Akiba won by resignation"]

1. f4 d5 2. Nf3 Nf6 3. g3 g6 4.
Bg2 Bg7 5. O-O c5 6. d3 O-O 7. c3 Nc6 8. Qe1 d4 9. Na3 Be6 10. Nc4 Nd5 11. e4 dxe3 12. Nxe3 Rc8 13. Ng5 Nxe3 14. Qxe3 Bf5 15. Ne4 b6 16. Rd1 Qc7 17.
h3 h5 18. Kh1 Rfd8 19. Bd2 Qd7 20. Be1 Bxh3 21. Ng5 Bxg2+ 22. Kxg2 Qd5+ 23. Kh2 e5 24. Rac1 Re8 25. f5 gxf5 26. c4 Qd8 27. Nf3 Qf6 28.
Bc3 Nd4 29. Bxd4 exd4 30. Qf2 Bh6 31. Rc2 Re3 32. Nh4 f4 33. gxf4 Bxf4+ 34. Kg2 Rce8 35. Rf1 Qg5+ 36. Kh1 Rh3+ 37. Qh2 Bxh2 38. Rxh2 Rxh2+ 39. Kxh2 Qxh4+ 0-1

[Event "*** Titled Tuesday Blitz"]
[Site "Chess.com"]
[Date "2020.10.20"]
[Round "2"]
[White "Gabrielian_Artur"]
[Black "Fusikk"]
[Result "0-1"]
[WhiteElo "2777"]
[BlackElo "2525"]
[TimeControl "180+1"]
[EndTime "10:17:24 PDT"]
[Termination "Fusikk won by checkmate"]

1. e4 e5 2. Nc3 Nc6 3. g3 Bc5 4. Bg2 d6 5. Nge2 Nge7 6. d3 O-O 7. O-O a6 8. Kh1 f5 9. f4 fxe4 10. dxe4 exf4 11. gxf4 Bg4 12. Qd3 Qd7 13. f5 Ne5 14.
Qg3 Kh8 15. Nf4 g6 16. Ne6 Rg8 17. Bg5 Raf8 18. Nxf8 Rxf8 19. h3 Bh5 20. Qh4 Ng8 21.
Nd5 c6 22. Nf6 Nxf6 23. Bxf6+ Kg8 24. fxg6 Bxg6 25. Rad1 Qe6 26. Bg5 Rxf1+ 27. Rxf1 Nf7 28. Bf6 Qxa2 29. Bc3 Qe6 30. Bf3 Be3 31. Qf6 Qxh3# 0-1

[Event "*** Titled Tuesday Blitz"]
[Site "Chess.com"]
[Date "2020.10.20"]
[Round "2"]
[White "NikolaGry"]
[Black "Ural_bogatyr"]
[Result "1-0"]
[WhiteElo "2698"]
[BlackElo "2377"]
[TimeControl "180+1"]
[EndTime "10:17:24 PDT"]
[Termination "NikolaGry won by resignation"]

1. b3 d5 2. Bb2 Bg4 3. Nf3 Nd7 4.
c4 c6 5. e3 e5 6. cxd5 cxd5 7.
h3 Bh5 8. g4 Bg6 9. Nxe5 Nxe5 10. Bxe5 Nf6 11. Bg2 Bd6 12. Bd4 Bd3 13. Nc3 O-O 14.
Nxd5 Nxd5 15. Bxd5 Bg3 16. Qf3 Bh4 17. Rc1 Rc8 18.
Rc3 Rxc3 19. dxc3 Bg6 20. O-O Kh8 21. Be4 f5 22. Bxf5 Qg5 23. e4 h5 24. Qe3 Bxf5 25. Qxg5 Bxg5 26. gxf5 Bf4 27. Kg2 Re8 28. Kf3 Be5 29.
Bxe5 Rxe5 30. Rd1 Kg8 31. Kf4 Rc5 32. c4 a5 33. Rd5 1-0

[Event "*** Titled Tuesday Blitz"]
[Site "Chess.com"]
[Date "2020.10.20"]
[Round "2"]
[White "TC2304"]
[Black "mr_gustavo"]
[Result "1-0"]
[WhiteElo "2259"]
[BlackElo "2419"]
[TimeControl "180+1"]
[EndTime "10:17:24 PDT"]
[Termination "TC2304 won by checkmate"]

1. d4 Nf6 2. Bg5 Ne4 3. Bf4 c5 4. f3 Qa5+ 5. c3 Nf6 6. d5 e6 7.
e4 exd5 8. exd5 Qb6 9. Qe2+ Kd8 10. Na3 Nxd5 11. Bxb8 Rxb8 12. O-O-O Nf6 13. Nc4 Qc7 14. Nh3 d6 15. Ng5 h6 16. Nxd6 Bxd6 17. Rxd6+ Qxd6 18. Nxf7+ Kc7 19. Nxd6 Kxd6 20. Qd2+ Kc6 21.
a4 a6 22. b4 b6 23. b5+ axb5 24. Bxb5+ Kb7 25. Qd6 Bf5 26. Re1 Rhd8 27. Re7+ Bd7 28.
Bxd7 Ka6 29. Bb5+ Ka5 30. Ra7# 1-0

[Event "*** Titled Tuesday Blitz"]
[Site "Chess.com"]
[Date "2020.10.20"]
[Round "2"]
[White "grunbergmihai"]
[Black "Durarbayli"]
[Result "0-1"]
[WhiteElo "2503"]
[BlackElo "2790"]
[TimeControl "180+1"]
[EndTime "10:17:25 PDT"]
[Termination "Durarbayli won by resignation"]

1. Nf3 Nf6 2. c4 b6 3. g3 Bb7 4. Bg2 e6 5. O-O c5 6. Nc3 Be7 7. d4 cxd4 8. Qxd4 d6 9. Rd1 a6 10. b3 Nbd7 11. e4 Qc7 12. Ba3 Nc5 13. e5 dxe5 14.
Qxe5 Rc8 15. Qxc7 Rxc7 16. Ne5 Bxg2 17. Kxg2 Nfd7 18. Nxd7 Rxd7 19. Bxc5 bxc5 20. Na4 Kd8 21. Nb6 Rd6 22. Na4 Rxd1 23. Rxd1+ Kc7 24. Kf3 Kc6 25. Ke4 Bf6 26. f4 h5 27. Rd2 g6 28. h3 a5 29.
Rd3 Ra8 30. Rd2 Bd4 31. Rd3 Ra7 32. Kf3 Rd7 33. Ke4 Rd6 34. Kf3 f6 35. Ke4 Rd7 36. Kf3 Rd8 37. Ke4 Rd6 38. Kf3 Rd7 39. Ke4 Re7 40.
Kf3 e5 41. fxe5 Rxe5 42. Nc3 Rf5+ 43. Ke4 Re5+ 44. Kf3 Rf5+ 45. Ke4 Rf2 46. g4 f5+ 0-1

[Event "*** Titled Tuesday Blitz"]
[Site "Chess.com"]
[Date "2020.10.20"]
[Round "2"]
[White "Gerodot71"]
[Black "bascheyaro"]
[Result "0-1"]
[WhiteElo "2461"]
[BlackElo "2726"]
[TimeControl "180+1"]
[EndTime "10:17:26 PDT"]
[Termination "bascheyaro won by checkmate"]

1. d4 Nf6 2. c4 e6 3. Nf3 d5 4. g3 Bb4+ 5. Bd2 Be7 6. Bg2 O-O 7. O-O Ne4 8. Qc2 c6 9. Nc3 f5 10. e3 Nd7 11. Rab1 a5 12. a3 Qe8 13. b4 axb4 14.
axb4 Qh5 15. b5 g5 16. Ra1 Rxa1 17. Rxa1 g4 18. Ne1 Nb6 19. bxc6 Nxd2 20. Qxd2 Nxc4 21. Qc2 bxc6 22. Ra7 Bg5 23. Nd3 Nxe3 24. fxe3 Bxe3+ 25. Kh1 Bxd4 26. Rc7 Qe8 27. Nf4 e5 28. Nfxd5 cxd5 29. Nxd5 Be6 30. Re7 Qc8 31. Qd2 f4 32. Be4 Rf7 33.
Qa2 Qc1+ 34. Kg2 Qg1# 0-1

[Event "*** Titled Tuesday Blitz"]
[Site "Chess.com"]
[Date "2020.10.20"]
[Round "2"]
[White "Onischuk_V"]
[Black "KatarinaOstojic"]
[Result "1-0"]
[WhiteElo "2798"]
[BlackElo "2343"]
[TimeControl "180+1"]
[EndTime "10:17:26 PDT"]
[Termination "Onischuk_V won by resignation"]

1. e4 c5 2. Nf3 d6 3. d4 cxd4 4. Nxd4 Nf6 5. Nc3 a6 6. a4 b6 7. Bc4 e6 8. O-O Be7 9. f4 O-O 10. Ba2 Bb7 11. f5 e5 12. Nde2 Nxe4 13. Nxe4 Bxe4 14.
Ng3 Bb7 15. Qg4 Bf6 16. Nh5 Kh8 17. Nxf6 gxf6 18. Rf2 Rg8 19. Qh4 Nd7 20. Bc4 d5 21. Bf1 Rc8 22. Ra3 d4 23. Rh3 Rg7 24. Bh6 Qg8 25.
Bxg7+ Qxg7 26. Rg3 Qf8 27. c3 dxc3 28. bxc3 e4 29. Rd2 Qc5+ 30. Rf2 e3 31. Re2 Qxc3 32. Rh3 Nf8 33. Qh6 Qe5 34. Rg3 Ng6 35. fxg6 fxg6 36. Rxg6 Qe7 37. Rxe3 Qf7 38. Rxf6 1-0

[Event "*** Titled Tuesday Blitz"]
[Site "Chess.com"]
[Date "2020.10.20"]
[Round "2"]
[White "vladislavkovalev"]
[Black "Heineccius"]
[Result "1-0"]
[WhiteElo "2846"]
[BlackElo "2530"]
[TimeControl "180+1"]
[EndTime "10:17:28 PDT"]
[Termination "vladislavkovalev won by resignation"]

1. e4 c5 2. Nf3 e6 3. d4 cxd4 4. Nxd4 a6 5. Nc3 Qc7 6. g3 Bb4 7. Bd2 Nf6 8. Bg2 Nc6 9. Nde2 Be7 10. O-O d6 11. h3 b5 12. g4 Bb7 13. Ng3 Ne5 14.
b3 b4 15. Nce2 d5 16. f4 Ned7 17. e5 Ne4 18. Nxe4 dxe4 19. Be3 Bc5 20. Bxc5 Qxc5+ 21. Kh2 Rd8 22. Qe1 g5 23. Rd1 gxf4 24. Nxf4 Qxe5 25.
Kh1 a5 26. Nh5 Bd5 27. Qh4 h6 28. Rde1 Qg5 29. Qf2 O-O 30. Bxe4 Bxe4+ 31. Rxe4 Nc5 32. Rf4 Rd7 33. Nf6+ 1-0

[Event "*** Titled Tuesday Blitz"]
[Site "Chess.com"]
[Date "2020.10.20"]
[Round "2"]
[White "Mbneu"]
[Black "serhanberat_ozdemir"]
[Result "1-0"]
[WhiteElo "2238"]
[BlackElo "2413"]
[TimeControl "180+1"]
[EndTime "10:17:28 PDT"]
[Termination "Mbneu won by checkmate"]

1. d4 Nf6 2. c4 g6 3. Nc3 Bg7 4. e4 d6 5. f4 O-O 6. Nf3 c5 7. d5 e6 8. Be2 exd5 9. cxd5 Re8 10.
e5 dxe5 11. fxe5 Ng4 12. e6 fxe6 13. Bg5 Qa5 14. O-O h6 15. h3 Nf6 16. Bxf6 Bxf6 17. Ne4 Bxb2 18. Rb1 Bg7 19. Nd6 Rd8 20. Nxc8 Rxc8 21.
dxe6 Nc6 22. Rxb7 Rc7 23. Qb3 Kh7 24. Rxc7 Qxc7 25. Nh4 Nd4 26. Qd3 Nf5 27. Nxf5 gxf5 28. Qxf5+ Kh8 29. Bd3 Qe7 30. Qh7# 1-0

[Event "*** Titled Tuesday Blitz"]
[Site "Chess.com"]
[Date "2020.10.20"]
[Round "2"]
[White "WIDBIFS"]
[Black "pedromartinez91"]
[Result "1-0"]
[WhiteElo "2737"]
[BlackElo "2474"]
[TimeControl "180+1"]
[EndTime "10:17:29 PDT"]
[Termination "WIDBIFS won by resignation"]

1. d4 Nf6 2. Nf3 d6 3. g3 Nbd7 4. Bg2 e5 5. O-O Be7 6. c4 O-O 7. Nc3 c6 8. e4 a6 9. a4 a5 10.
h3 Re8 11. Be3 Bf8 12. Qc2 Qc7 13. d5 Qb8 14. Rfd1 Be7 15. Rd2 Bd8 16. Rad1 Bb6 17. Bxb6 Nxb6 18. dxc6 bxc6 19. b3 Bb7 20. Rxd6 Nbd5 21.
c5 Nb4 22. Qd2 Na6 23. Nh4 Re6 24. Nf5 Nxc5 25. Qg5 Ne8 26. Rd8 h6 27. Nxh6+ Rxh6 28. Rxb8 Rxb8 29. Qe7 Nxb3 30. Rd8 Rxd8 31. Qxd8 Re6 32.
Bf1 Nd2 33. Qxd2 1-0

[Event "*** Titled Tuesday Blitz"]
[Site "Chess.com"]
[Date "2020.10.20"]
[Round "2"]
[White "GlennTipton"]
[Black "NotFischer"]
[Result "1-0"]
[WhiteElo "2445"]
[BlackElo "2249"]
[TimeControl "180+1"]
[EndTime "10:17:29 PDT"]
[Termination "GlennTipton won on time"]

1. e4 d5 2. exd5 Nf6 3. Nf3 Bg4 4. Be2 Qxd5 5. d4 Nc6 6. c4 Qf5 7. Be3 O-O-O 8. Nbd2 e5 9. d5 Bxf3 10. Nxf3 Bb4+ 11.
Kf1 e4 12. Nh4 Qe5 13. Qb3 Nxd5 14. cxd5 Rxd5 15. a3 Be7 16. Bg4+ Kb8 17. Nf5 Bf6 18. Ng3 Rb5 19. Qa4 Rxb2 20. Qxe4 Qb5+ 21. Kg1 h5 22.
Nxh5 Rxh5 23. Bxh5 Qxh5 24. g4 Qh3 25. g5 Ne5 26. Qg2 Nf3+ 27. Kf1 Qf5 28. Qg3 Qd3+ 29. Kg2 Nxg5 30. Bxg5 Qe4+ 31. Qf3 1-0

[Event "*** Titled Tuesday Blitz"]
[Site "Chess.com"]
[Date "2020.10.20"]
[Round "2"]
[White "GM4life"]
[Black "Markov_Mikhail"]
[Result "0-1"]
[WhiteElo "2308"]
[BlackElo "2674"]
[TimeControl "180+1"]
[EndTime "10:17:30 PDT"]
[Termination "Markov_Mikhail won on time"]

1. e4 c5 2. Nf3 d6 3. d4 cxd4 4. Nxd4 Nf6 5. Nc3 a6 6. h3 b5 7. g4 Bb7 8. Bg2 e6 9. g5 b4 10. Nd5 exd5 11. gxf6 Qxf6 12. exd5 Be7 13. Qd3 O-O 14. O-O Nd7 15. Re1 Rfe8 16. Bd2 Nc5 17. Qe3 Bf8 18. Qf4 Qg6 19. Qg4 a5 20. a3 Rxe1+ 21.
Bxe1 bxa3 22. Rxa3 a4 23. Qxg6 hxg6 24. Nc6 g5 25. Bd2 g6 26. Bxg5 Bg7 27. Bc1 Re8 28. Re3 Ra8 29. Re7 Ba6 30. c3 Nd3 31. Be3 Nxb2 32.
Nb4 Bc4 33. Rd7 Bxc3 34. Nc2 a3 35. Rxd6 a2 36. Rd7 Nd3 37. Kh2 Bb3 0-1

[Event "*** Titled Tuesday Blitz"]
[Site "Chess.com"]
[Date "2020.10.20"]
[Round "2"]
[White "Boundless_Strike"]
[Black "GalperinPlaton"]
[Result "0-1"]
[WhiteElo "2511"]
[BlackElo "2815"]
[TimeControl "180+1"]
[EndTime "10:17:31 PDT"]
[Termination "GalperinPlaton won by resignation"]

1. e4 c5 2. Nc3 Nc6 3. f4 e6 4.
Nf3 d5 5. Bb5 Ne7 6. exd5 exd5 7. Qe2 g6 8. Qe5 Rg8 9. O-O Bg7 10. Qe1 Be6 11. d3 Qd6 12. Ne5 O-O-O 13. Bxc6 Nxc6 14.
Nb5 Qb8 15. Nxc6 bxc6 16. Nc3 Rge8 17. Qf2 Bd4 18. Be3 Bxe3 19. Qxe3 d4 20. Qf2 dxc3 21. bxc3 Qb5 22. Rab1 Qa5 23. Qg3 Bf5 24. Rb3 c4 25. Rb4 Qc5+ 26. d4 Rxd4 27. Kh1 Red8 28. Qf3 R4d5 29. Rfb1 Kd7 30. Qe2 Be6 31. Rxc4 Qd6 32. h3 Ke8 33. Kh2 Kf8 34. Re4 Rd2 35. Qe1 Rxc2 36.
Rb7 Bd5 0-1

[Event "*** Titled Tuesday Blitz"]
[Site "Chess.com"]
[Date "2020.10.20"]
[Round "2"]
[White "shriyanasmallya"]
[Black "TheCastleHunter"]
[Result "0-1"]
[WhiteElo "1642"]
[BlackElo "2350"]
[TimeControl "180+1"]
[EndTime "10:17:32 PDT"]
[Termination "TheCastleHunter won by checkmate"]

1. e4 e6 2. d4 d5 3. Nd2 b6 4.
Ngf3 Bb7 5. e5 c5 6. c3 Ne7 7.
Bd3 Nf5 8. Bxf5 exf5 9. Qc2 Bc8 10. O-O h6 11. Re1 Be6 12. dxc5 bxc5 13. Qa4+ Nd7 14.
c4 d4 15. Nb3 Be7 16. Bd2 O-O 17. Ba5 Nb6 18. Bxb6 axb6 19. Qc6 Bxc4 20. Nbd2 Bd5 21. Qb5 Ra5 22. Qe2 Be6 23. Nb3 Ra8 24. Red1 Qc7 25. Rdc1 Qb7 26. Nfd2 Bd5 27. f3 Rfd8 28. Nc4 b5 29.
Nd6 Bxd6 30. exd6 Bxb3 31. axb3 Rxa1 32. Rxa1 Rxd6 33. Qe8+ Kh7 34. Ra8 Re6 35. Qg8+ Kg6 36. h4 h5 37. Qd8 Qe7 38. Qd5 Re1+ 39. Kf2 Qe3+ 40. Kg3 f4+ 41. Kh2 Qg1+ 42. Kh3 Qh1# 0-1

[Event "*** Titled Tuesday Blitz"]
[Site "Chess.com"]
[Date "2020.10.20"]
[Round "2"]
[White "zajka-molotok"]
[Black "sergiochess83"]
[Result "0-1"]
[WhiteElo "2479"]
[BlackElo "2754"]
[TimeControl "180+1"]
[EndTime "10:17:35 PDT"]
[Termination "sergiochess83 won on time"]

1. c4 e5 2. Nc3 Nf6 3. g3 Bb4 4.
Bg2 O-O 5. e3 Bxc3 6. bxc3 d6 7.
Ne2 e4 8. O-O Be6 9. d3 exd3 10.
Qxd3 Nc6 11. Nd4 Bd7 12. Ba3 Ne5 13. Qe2 c5 14. Nb5 Be6 15. Rfd1 Bxc4 16. Qb2 Nd3 17. Qb1 a6 18. Nxd6 Qxd6 19. Qxb7 Rad8 20. Rab1 Rb8 21. Qa7 Rxb1 22. Rxb1 h5 23. h4 Qe5 24. Bf1 Ne4 25.
Bxd3 Bxd3 26. Rb7 Qxc3 0-1

[Event "*** Titled Tuesday Blitz"]
[Site "Chess.com"]
[Date "2020.10.20"]
[Round "2"]
[White "annamaja"]
[Black "Superfelix"]
[Result "1-0"]
[WhiteElo "2285"]
[BlackElo "2438"]
[TimeControl "180+1"]
[EndTime "10:17:36 PDT"]
[Termination "annamaja won by resignation"]

1. e4 c6 2. d4 g6 3. Nc3 d5 4.
Nf3 dxe4 5. Nxe4 Nf6 6. Nxf6+ exf6 7. Bd3 Bg7 8. O-O O-O 9. Be3 a5 10. c4 Na6 11. a3 Nc7 12. Qd2 a4 13. Rfe1 Re8 14.
Bc2 Be6 15. Qb4 b5 16. d5 Bf8 17. Bc5 Na6 18. Qc3 Nxc5 19. dxe6 Nxe6 20. Be4 Rc8 21. Rad1 Qb6 22. cxb5 cxb5 23. Qxf6 Bg7 24. Qh4 Bxb2 25. Bd5 h5 26. g4 hxg4 27. Qxg4 Ng7 28. Ng5 Rf8 29. Nxf7 Rc5 30. Re6 Qd8 31. Nxd8 Rxd8 32.
Rd6+ Rxd5 33. Rxd8+ Rxd8 34. Rxd8+ Kh7 35. Qd7 Bxa3 36.
Qh3+ Nh5 37. Rd7+ Kh6 38. Qe3+ g5 39. Qe6+ 1-0

[Event "*** Titled Tuesday Blitz"]
[Site "Chess.com"]
[Date "2020.10.20"]
[Round "2"]
[White "Luibov_AN"]
[Black "CM_rui"]
[Result "0-1"]
[WhiteElo "2032"]
[BlackElo "2373"]
[TimeControl "180+1"]
[EndTime "10:17:37 PDT"]
[Termination "CM_rui won on time"]

1. d4 Nf6 2. Nf3 e6 3. c4 Bb4+ 4. Nc3 O-O 5. g3 d6 6. Bg2 Nbd7 7. O-O e5 8. Qc2 Qe7 9. dxe5 dxe5 10. Nd5 Nxd5 11.
cxd5 Nb6 12. a3 Bd6 13. b4 Nxd5 14. Ng5 Nf6 15. Bb2 h6 16. Nf3 Bd7 17. Nh4 c6 18.
Rad1 Rad8 19. Qb3 Be6 20. Qa4 a6 21. Qc2 Nd5 22. Nf5 Bxf5 23. Qxf5 Bc7 24. Be4 Nf6 25.
Bc2 Rd5 26. e4 Rxd1 27. Rxd1 g6 28. Qh3 Kg7 29. Bc1 h5 30. Bg5 Bb6 31. Rd7 Bxf2+ 32. Kxf2 Nxe4+ 33. Bxe4 Qxg5 34. Qf1 Qg4 35. Qe2 Qxd7 0-1

[Event "*** Titled Tuesday Blitz"]
[Site "Chess.com"]
[Date "2020.10.20"]
[Round "2"]
[White "Quiet_Desperation"]
[Black "enriquetejedor"]
[Result "0-1"]
[WhiteElo "1811"]
[BlackElo "2457"]
[TimeControl "180+1"]
[EndTime "10:17:38 PDT"]
[Termination "enriquetejedor won by resignation"]

1. e4 c5 2. Nf3 Nc6 3. Bb5 g6 4.
d4 cxd4 5. O-O Bg7 6. c3 dxc3 7. Nxc3 d6 8. Qe2 Bg4 9. h3 Bxf3 10. Qxf3 Rc8 11. Rd1 a6 12. Bxc6+ Rxc6 13. Bg5 h6 14. Bf4 Qc8 15. Rac1 Nf6 16. Nd5 Nxd5 17. exd5 Rxc1 18.
Rxc1 Qd7 19. Qe3 g5 20. Bg3 O-O 21. h4 Bxb2 22. Rb1 Bf6 23. hxg5 hxg5 24. f4 Qf5 25.
Rf1 g4 26. Rd1 Rc8 27. Qb3 b5 28. Qa3 Rc3 29. Qxa6 Rxg3 30. Qc8+ Qxc8 0-1

[Event "*** Titled Tuesday Blitz"]
[Site "Chess.com"]
[Date "2020.10.20"]
[Round "2"]
[White "Oligan22"]
[Black "oogee"]
[Result "1-0"]
[WhiteElo "2419"]
[BlackElo "2172"]
[TimeControl "180+1"]
[EndTime "10:17:39 PDT"]
[Termination "Oligan22 won on time"]

1. e4 c5 2. Nf3 d6 3. Bb5+ Bd7 4. Bxd7+ Qxd7 5. O-O Nc6 6. Re1 g6 7. e5 Bg7 8. exd6 Qxd6 9. Nc3 Nf6 10. d3 O-O 11. h3 Rad8 12. Be3 b6 13. Qd2 Rfe8 14. Bh6 Bh8 15. Rad1 Nd4 16. Nxd4 cxd4 17. Ne4 Nxe4 18.
Rxe4 e5 19. Rde1 f5 20. R4e2 Qc6 21. h4 e4 22. h5 Re6 23. dxe4 fxe4 24. Qf4 Rde8 25. hxg6 Rf6 26. Rxe4 1-0

[Event "*** Titled Tuesday Blitz"]
[Site "Chess.com"]
[Date "2020.10.20"]
[Round "2"]
[White "VerdeNotte"]
[Black "szachuspl"]
[Result "1-0"]
[WhiteElo "2849"]
[BlackElo "2531"]
[TimeControl "180+1"]
[EndTime "10:17:40 PDT"]
[Termination "VerdeNotte won on time"]

1. Nf3 Nf6 2. g3 g6 3. b3 Bg7 4. Bb2 O-O 5. c4 b6 6. Bg2 Bb7 7. O-O d6 8. d4 Nbd7 9. d5 c6 10. dxc6 Bxc6 11. Nc3 a6 12. Qc2 Qc7 13. Rac1 Qb7 14.
Rfd1 Rfc8 15. Qb1 Rab8 16. Qa1 Ne4 17. Nd5 Bxb2 18. Qxb2 Bxd5 19. Rxd5 Ndf6 20. Rd4 Qc7 21. Rdd1 Nc5 22. Nd4 Ne6 23. Nxe6 fxe6 24. Bh3 Kf7 25. Qd2 Qc5 26. Qh6 Rh8 27. Rd3 Qh5 28. Qxh5 Nxh5 29.
g4 Nf6 30. g5 Nh5 31. Rf3+ Kg7 32. Bxe6 Rhf8 33. Rxf8 Rxf8 34. e3 h6 35. h4 hxg5 36.
hxg5 Rb8 37. b4 Rb7 38. Kg2 Rc7 39. Kf3 Kf8 40. Ke4 Ng7 41. Kd5 a5 42. a3 axb4 43.
axb4 Ra7 44. Rh1 Nh5 45. Kc6 Ra4 46. b5 Ra2 47. Kxb6 Rxf2 48. Kc7 1-0

[Event "*** Titled Tuesday Blitz"]
[Site "Chess.com"]
[Date "2020.10.20"]
[Round "2"]
[White "almaguerjm"]
[Black "TheCavemanChesss"]
[Result "0-1"]
[WhiteElo "2288"]
[BlackElo "2475"]
[TimeControl "180+1"]
[EndTime "10:17:40 PDT"]
[Termination "TheCavemanChesss won by resignation"]

1. d4 Nf6 2. c4 e6 3. Nf3 d5 4. g3 Be7 5. Bg2 O-O 6. O-O dxc4 7. Ne5 Nc6 8. Nxc6 bxc6 9. Na3 Bxa3 10. bxa3 Rb8 11.
Qc2 Ba6 12. Rd1 Qe7 13. e4 Rfd8 14. Qc3 e5 15. Be3 Ng4 16. d5 cxd5 17. exd5 Nxe3 18. Qxe3 Qd6 19. Rd2 Rb6 20. Re1 Rdb8 21. Bf1 Rb1 22. Qxa7 Rxe1 23. Qxb8+ Qf8 24. Qxf8+ Kxf8 25. d6 Rxf1+ 26.
Kxf1 c3+ 27. Ke1 cxd2+ 28. Kxd2 cxd6 0-1

[Event "*** Titled Tuesday Blitz"]
[Site "Chess.com"]
[Date "2020.10.20"]
[Round "2"]
[White "canary2016"]
[Black "Sueetin"]
[Result "0-1"]
[WhiteElo "1948"]
[BlackElo "2361"]
[TimeControl "180+1"]
[EndTime "10:17:40 PDT"]
[Termination "Sueetin won by checkmate"]

1. d4 Nf6 2. c4 e6 3. g3 Bb4+ 4. Nd2 d5 5. Bg2 O-O 6. Qc2 c5 7. a3 Bxd2+ 8. Qxd2 cxd4 9. Qxd4 Nc6 10. Qd3 Ne5 11. Qc3 Nxc4 12. Bg5 h6 13. Bf4 e5 14. Bxe5 Nxe5 15. Qxe5 Re8 16. Qc3 d4 17. Qd3 Be6 18.
Nf3 Qa5+ 19. Qd2 Qa6 20. O-O Rad8 21. Rfe1 Bc4 22. Nxd4 Ne4 23. Qe3 Qf6 24. Bxe4 Rxd4 25. f3 Bd5 26. Rad1 Rdxe4 27. fxe4 Bxe4 28. Qf2 Qg6 29. Rd2 Bc6 30. Red1 Qe4 31. Rd8 Qh1# 0-1

[Event "*** Titled Tuesday Blitz"]
[Site "Chess.com"]
[Date "2020.10.20"]
[Round "2"]
[White "glebus008"]
[Black "Iskusnyh"]
[Result "0-1"]
[WhiteElo "2320"]
[BlackElo "2559"]
[TimeControl "180+1"]
[EndTime "10:17:41 PDT"]
[Termination "Iskusnyh won by checkmate"]

1. e4 e6 2. d4 d5 3. e5 c5 4. c3 Nc6 5. Nf3 Qb6 6. a3 Nh6 7. b4 cxd4 8. b5 Na5 9. Bxh6 gxh6 10. cxd4 Bd7 11. Nbd2 Rc8 12. a4 Bb4 13. Bd3 Nc4 14. O-O Nxd2 15. Nxd2 Qxd4 16. Nf3 Qg4 17. h3 Qg7 18.
Qe2 O-O 19. Rac1 Kh8 20. g3 Bc5 21. Kg2 b6 22. Bb1 f6 23. Rfe1 f5 24. Qd3 Be8 25.
Nd4 Qe7 26. g4 fxg4 27. hxg4 Bg6 28. Qe3 Bxb1 29. Rxb1 Qh4 30. f3 Bxd4 31. Qxd4 Rc2+ 32. Kf1 Qh1+ 33. Qg1 Rxf3# 0-1

[Event "*** Titled Tuesday Blitz"]
[Site "Chess.com"]
[Date "2020.10.20"]
[Round "2"]
[White "LiamVrolijk"]
[Black "AleksanderHnydiuk"]
[Result "1-0"]
[WhiteElo "2863"]
[BlackElo "2554"]
[TimeControl "180+1"]
[EndTime "10:17:43 PDT"]
[Termination "LiamVrolijk won by resignation"]

1. d4 d5 2. c4 c6 3. Nf3 Nf6 4. g3 g6 5. Bg2 Bg7 6. O-O O-O 7. Ne5 dxc4 8. Nxc4 Be6 9. Ne5 Nbd7 10. Nf3 c5 11. Nc3 Nd5 12. Ng5 Nxc3 13. bxc3 Bc4 14. Bxb7 Rb8 15. Bg2 Qa5 16. Ne4 f5 17.
Nd2 Qxc3 18. Nxc4 Qxa1 19. dxc5 Ne5 20. Qd5+ Nf7 21. c6 Qxa2 22. Bf4 Rbd8 23. Qe6 Kh8 24. c7 Rc8 25. Bb7 Nd6 26. Bxd6 exd6 27. Bxc8 d5 28.
Qxd5 Rxc8 29. Qd8+ 1-0